TOP OF THE 1ST |
Cedar Rapids Kernels batting - Pitching for Clinton LumberKings : LHP David Reyes
|
Pitching: LHP David Reyes
|
|
Batting: LHB Brian Wagner
|
0-0: Foul Ball, location: 2F 0-1: Ball 1-1: Foul Ball, location: 2F 1-2: Ball 2-2: Foul Ball, location: 2F 2-2: Strikes out swinging
|
Batting: RHB Steve Raine
|
0-0: Ball 1-0: DOUBLE (Flyball, 8RXD, EV 111.9 MPH)
|
Batting: RHB Kevin Harris
|
0-0: Called Strike 0-1: Called Strike 0-2: Ball 1-2: Ball 2-2: Foul Ball, location: 2F 2-2: Ball 3-2: Foul Ball, location: 2F 3-2: Foul Ball, location: 2F 3-2: Base on Balls
|
Batting: LHB Shaun Price
|
0-0: Ball 1-0: Ball 2-0: Swinging Strike 2-1: Foul Ball, location: 2F 2-2: Strikes out looking
|
Batting: RHB Nate Matson
|
0-0: Called Strike 0-1: Ball 1-1: Foul Ball, location: 2F 1-2: 3-RUN HOME RUN (Flyball, 78XD, EV 106.9 MPH), Distance : 431 ft
|
Batting: LHB Marvin Shepherd
|
0-0: Ball 1-0: Swinging Strike 1-1: SINGLE (Groundball, 34D, EV 106.2 MPH)
|
Batting: RHB Dave Berry
|
0-0: Ball 1-0: Foul Ball, location: 2F 1-1: Fly out, F9 (Flyball, 9LSF, EV 77.5 MPH)
|
Top of the 1st over - 3 runs, 3 hits, 0 errors, 1 left on base; Cedar Rapids 3 - Clinton 0 |
BOTTOM OF THE 1ST |
Clinton LumberKings batting - Pitching for Cedar Rapids Kernels : RHP Jason Stout
|
Pitching: RHP Jason Stout
|
|
Batting: RHB Antonio Oyola
|
0-0: Swinging Strike 0-1: Swinging Strike 0-2: Strikes out looking
|
Batting: RHB Ivan Davila
|
0-0: Ball 1-0: Foul Ball, location: 2F 1-1: Swinging Strike 1-2: Ground out 6-3 (Groundball, 6, EV 86.2 MPH)
|
Batting: LHB Jason Kinney
|
0-0: Ball 1-0: Called Strike 1-1: Foul Ball, location: 2F 1-2: Foul Ball, location: 2F 1-2: Ball 2-2: Foul Ball, location: 2F 2-2: Ball 3-2: Strikes out swinging
|
Bottom of the 1st over - 0 runs, 0 hits, 0 errors, 0 left on base; Cedar Rapids 3 - Clinton 0 |
TOP OF THE 2ND |
Cedar Rapids Kernels batting - Pitching for Clinton LumberKings : LHP David Reyes
|
Batting: LHB Hector Olvera
|
0-0: Ball 1-0: Foul Ball, location: 2F 1-1: Foul Ball, location: 2F 1-2: Fly out, F7 (Flyball, 78M, EV 91.2 MPH)
|
Batting: RHB Antonio Santos
|
0-0: SINGLE (Groundball, 56D, EV 105.6 MPH)
|
Batting: LHB Brian Wagner
|
0-0: Ball 1-0: Ball 2-0: Ball 3-0: Base on Balls Antonio Santos to second
|
Batting: RHB Steve Raine
|
0-0: Ball 1-0: Ball 2-0: Called Strike 2-1: Ball 3-1: SINGLE (Groundball, 56D, EV 103.1 MPH) Antonio Santos to third Brian Wagner to second Runner from 3rd tries for Home, SAFE, throw by LF to home
|
Batting: RHB Kevin Harris
|
0-0: SINGLE (Line Drive, 78M, EV 104.4 MPH) Brian Wagner to third Steve Raine to second Runner from 3rd tries for Home, SAFE, throw by LF to home
|
Pitching: RHP Daniel Villalobos
|
|
Batting: LHB Shaun Price
|
0-0: Ball 1-0: Foul Ball, location: 2F 1-1: Ball 2-1: Ball 3-1: Called Strike 3-2: Fly out, F8 (Flyball, 89D, EV 99.4 MPH)
|
Batting: RHB Nate Matson
|
0-0: Called Strike 0-1: Ball Wild Pitch! Steve Raine to third Kevin Harris to second 1-1: Called Strike 1-2: Ground out 6-3 (Groundball, 6, EV 79.4 MPH)
|
Top of the 2nd over - 2 runs, 3 hits, 0 errors, 2 left on base; Cedar Rapids 5 - Clinton 0 |
BOTTOM OF THE 2ND |
Clinton LumberKings batting - Pitching for Cedar Rapids Kernels : RHP Jason Stout
|
Batting: RHB Kinzo Yokoyama
|
0-0: Foul Ball, location: 2F 0-1: Ball 1-1: Foul Ball, location: 2F 1-2: Ball 2-2: Fly out, F9 (Flyball, 9, EV 94.4 MPH)
|
Batting: SHB Frank Amato
|
0-0: Ball 1-0: Ball 2-0: Foul Ball, location: 2F 2-1: Ground out 4-3 (Groundball, 4, EV 79.4 MPH)
|
Batting: RHB Tze-meng Li
|
0-0: Ground out 5-3 (Groundball, 5D, EV 96.9 MPH)
|
Bottom of the 2nd over - 0 runs, 0 hits, 0 errors, 0 left on base; Cedar Rapids 5 - Clinton 0 |
TOP OF THE 3RD |
Cedar Rapids Kernels batting - Pitching for Clinton LumberKings : RHP Daniel Villalobos
|
Batting: LHB Marvin Shepherd
|
0-0: Foul Ball, location: 2F 0-1: Ball 1-1: Ball 2-1: Foul Ball, location: 2F 2-2: Ground out 4-3 (Groundball, 4, EV 83.8 MPH)
|
Batting: RHB Dave Berry
|
0-0: Ball 1-0: Ball 2-0: Ground out 6-3 (Groundball, 6, EV 91.2 MPH)
|
Batting: LHB Hector Olvera
|
0-0: Called Strike 0-1: Ball 1-1: Swinging Strike 1-2: Foul Ball, location: 2F 1-2: Ball 2-2: Foul Ball, location: 2F 2-2: Strikes out swinging
|
Top of the 3rd over - 0 runs, 0 hits, 0 errors, 0 left on base; Cedar Rapids 5 - Clinton 0 |
BOTTOM OF THE 3RD |
Clinton LumberKings batting - Pitching for Cedar Rapids Kernels : RHP Jason Stout
|
Batting: RHB Jung-wan Aan
|
0-0: Ball 1-0: Ball 2-0: Foul Ball, location: 2F 2-1: Called Strike 2-2: Strikes out swinging
|
Batting: RHB Bryan Shuller
|
0-0: Called Strike 0-1: Ball 1-1: Called Strike 1-2: Ground out 4-3 (Groundball, 4, EV 77.5 MPH)
|
Batting: SHB Raghnall Ahearne
|
0-0: Ball 1-0: Foul Ball, location: 2F 1-1: Ball 2-1: Called Strike 2-2: Strikes out looking
|
Bottom of the 3rd over - 0 runs, 0 hits, 0 errors, 0 left on base; Cedar Rapids 5 - Clinton 0 |
TOP OF THE 4TH |
Cedar Rapids Kernels batting - Pitching for Clinton LumberKings : RHP Daniel Villalobos
|
Batting: RHB Antonio Santos
|
0-0: Ball 1-0: Ball 2-0: Ball 3-0: Base on Balls
|
Pitching: RHP Bryce Blanksby
|
|
Batting: LHB Brian Wagner
|
0-0: Called Strike 0-1: Swinging Strike 0-2: Fly out, F9 (Flyball, 9, EV 94.4 MPH)
|
Batting: RHB Steve Raine
|
0-0: Swinging Strike 0-1: Fly out, F7 (Line Drive, 78S, EV 105.6 MPH)
|
Batting: RHB Kevin Harris
|
0-0: SINGLE (Flyball, 8LS, EV 95.0 MPH) Antonio Santos to second
|
Batting: LHB Shaun Price
|
0-0: Called Strike 0-1: Fielders Choice at 2nd, 6-4 (Groundball, 4M, EV 85.6 MPH)
|
Top of the 4th over - 0 runs, 1 hit, 0 errors, 2 left on base; Cedar Rapids 5 - Clinton 0 |
BOTTOM OF THE 4TH |
Clinton LumberKings batting - Pitching for Cedar Rapids Kernels : RHP Jason Stout
|
Batting: RHB Antonio Oyola
|
0-0: Called Strike 0-1: Ball 1-1: SINGLE (Groundball, 6MD, EV 104.4 MPH)
|
Batting: RHB Ivan Davila
|
0-0: Ball 1-0: Ball 2-0: Called Strike 2-1: Swinging Strike 2-2: Foul Ball, location: 2F 2-2: Strikes out looking
|
Batting: LHB Jason Kinney
|
0-0: Ball 1-0: Ball 2-0: Fielders Choice at 2nd, 4-6 (Groundball, 4, EV 101.9 MPH)
|
Batting: RHB Kinzo Yokoyama
|
0-0: Ball 1-0: Ball Jason Kinney is caught stealing 2nd base 2-4
|
Bottom of the 4th over - 0 runs, 1 hit, 0 errors, 0 left on base; Cedar Rapids 5 - Clinton 0 |
TOP OF THE 5TH |
Cedar Rapids Kernels batting - Pitching for Clinton LumberKings : RHP Bryce Blanksby
|
Batting: RHB Nate Matson
|
0-0: Swinging Strike 0-1: Ball 1-1: Swinging Strike 1-2: Foul Ball, location: 2F 1-2: Strikes out looking
|
Batting: LHB Marvin Shepherd
|
0-0: Ball 1-0: Ball 2-0: Ball 3-0: Swinging Strike 3-1: Called Strike 3-2: Base on Balls
|
Batting: RHB Dave Berry
|
0-0: Called Strike 0-1: Called Strike 0-2: Ball 1-2: Ball 2-2: Ball 3-2: Fly out, F3 (Popup, 23, EV 83.1 MPH)
|
Pitching: LHP Adam Schmidt
|
|
Batting: LHB Hector Olvera
|
0-0: Called Strike 0-1: Foul Ball, location: 2F 0-2: Ball 1-2: Foul Ball, location: 2F 1-2: Foul Ball, location: 2F 1-2: Ground out 2-3 (Groundball, 15S, EV 70.0 MPH)
|
Top of the 5th over - 0 runs, 0 hits, 0 errors, 1 left on base; Cedar Rapids 5 - Clinton 0 |
BOTTOM OF THE 5TH |
Clinton LumberKings batting - Pitching for Cedar Rapids Kernels : RHP Jason Stout
|
Batting: RHB Kinzo Yokoyama
|
0-0: Fly out, F8 (Flyball, 78D, EV 96.2 MPH)
|
Batting: SHB Frank Amato
|
0-0: DOUBLE (Flyball, 89XD, EV 110.6 MPH)
|
Batting: RHB Tze-meng Li
|
0-0: Ball 1-0: Swinging Strike 1-1: Foul Ball, location: 2F 1-2: Foul Ball, location: 2F 1-2: SINGLE (Flyball, 6D, EV 88.8 MPH) Frank Amato to third
|
Batting: RHB Jung-wan Aan
|
0-0: Foul Ball, location: 2F 0-1: Ball 1-1: Foul Ball, location: 2F 1-2: Fielders Choice at 2nd, 5-4 (Groundball, 5, EV 79.4 MPH) Frank Amato scores
|
Batting: RHB Bryan Shuller
|
0-0: Called Strike 0-1: Foul Ball, location: 2F 0-2: Ball 1-2: Ball 2-2: Ball 3-2: Fly out, F3 (Popup, 34, EV 57.5 MPH)
|
Bottom of the 5th over - 1 run, 2 hits, 0 errors, 1 left on base; Cedar Rapids 5 - Clinton 1 |
TOP OF THE 6TH |
Cedar Rapids Kernels batting - Pitching for Clinton LumberKings : LHP Adam Schmidt
|
Batting: RHB Antonio Santos
|
0-0: Ground out 1-3 (Groundball, 15S, EV 70.0 MPH)
|
Batting: LHB Brian Wagner
|
0-0: Ball 1-0: Fly out, F9 (Flyball, 9, EV 90.6 MPH)
|
Batting: RHB Steve Raine
|
0-0: Foul Ball, location: 2F 0-1: Swinging Strike 0-2: Ball 1-2: Foul Ball, location: 2F 1-2: Foul Ball, location: 2F 1-2: Strikes out looking
|
Top of the 6th over - 0 runs, 0 hits, 0 errors, 0 left on base; Cedar Rapids 5 - Clinton 1 |
BOTTOM OF THE 6TH |
Clinton LumberKings batting - Pitching for Cedar Rapids Kernels : RHP Jason Stout
|
Batting: SHB Raghnall Ahearne
|
0-0: Ball 1-0: Ball 2-0: Ball 3-0: Called Strike 3-1: Base on Balls
|
Batting: RHB Antonio Oyola
|
0-0: Called Strike 0-1: Ball 1-1: Called Strike 1-2: Strikes out swinging
|
Batting: RHB Ivan Davila
|
0-0: Swinging Strike 0-1: Ball 1-1: Swinging Strike Passed Ball! Raghnall Ahearne to second 1-2: Fly out, F8 (Flyball, 8RD, EV 98.1 MPH) Runner from 2nd tags up, OUT at 3rd! 8-5
|
Bottom of the 6th over - 0 runs, 0 hits, 0 errors, 0 left on base; Cedar Rapids 5 - Clinton 1 |
TOP OF THE 7TH |
Cedar Rapids Kernels batting - Pitching for Clinton LumberKings : LHP Adam Schmidt
|
Batting: RHB Kevin Harris
|
0-0: Called Strike 0-1: Ball 1-1: Fly out, F8 (Flyball, 78M, EV 83.8 MPH)
|
Batting: LHB Shaun Price
|
0-0: Called Strike 0-1: Ground out 6-3 (Groundball, 4, EV 78.8 MPH)
|
Batting: RHB Nate Matson
|
0-0: Called Strike 0-1: Foul Ball, location: 2F 0-2: Ball 1-2: Foul Ball, location: 2F 1-2: Ball 2-2: Ball 3-2: Ground out 4-3 (Groundball, 4S, EV 86.9 MPH)
|
Top of the 7th over - 0 runs, 0 hits, 0 errors, 0 left on base; Cedar Rapids 5 - Clinton 1 |
BOTTOM OF THE 7TH |
Clinton LumberKings batting - Pitching for Cedar Rapids Kernels : RHP Jason Stout
|
Batting: LHB Jason Kinney
|
0-0: Called Strike 0-1: Ball 1-1: Called Strike 1-2: Strikes out swinging
|
Pitching: RHP Andrew Rich
|
|
Batting: RHB Kinzo Yokoyama
|
0-0: Ball 1-0: Ball 2-0: Called Strike 2-1: Foul Ball, location: 2F 2-2: Foul Ball, location: 2F 2-2: Reached via error on a dropped throw from SS, E3 (Groundball, 6, EV 88.1 MPH)
|
Batting: SHB Frank Amato
|
0-0: Called Strike 0-1: Called Strike 0-2: Ball 1-2: Strikes out looking
|
Batting: RHB Tze-meng Li
|
0-0: Called Strike 0-1: Ball 1-1: Called Strike Kinzo Yokoyama steals 2nd base 1-2: Ball 2-2: Ground out 6-3 (Groundball, 56, EV 81.2 MPH)
|
Bottom of the 7th over - 0 runs, 0 hits, 1 error, 1 left on base; Cedar Rapids 5 - Clinton 1 |
TOP OF THE 8TH |
Cedar Rapids Kernels batting - Pitching for Clinton LumberKings : LHP Adam Schmidt
|
Pitching: RHP Eduardo Arlarcon
|
|
Batting: LHB Marvin Shepherd
|
0-0: Called Strike 0-1: Ball 1-1: Ball 2-1: Swinging Strike 2-2: Ball 3-2: Foul Ball, location: 2F 3-2: DOUBLE (Line Drive, 7LS, EV 95.6 MPH)
|
Batting: RHB Dave Berry
|
0-0: Fly out, F8 (Flyball, 8RXD, EV 101.9 MPH) Runner from 2nd tags up, SAFE at 3rd, no throw by CF
|
Batting: LHB Hector Olvera
|
0-0: Ball 1-0: Foul Ball, location: 2F 1-1: SINGLE (Groundball, 56S, EV 68.8 MPH) (infield hit) Marvin Shepherd scores
|
Batting: RHB Antonio Santos
|
0-0: Ball 1-0: Ball 2-0: Called Strike 2-1: Fly out, F8 (Flyball, 89M, EV 90.0 MPH)
|
Batting: LHB Brian Wagner
|
0-0: Ball 1-0: Called Strike 1-1: 2-RUN HOME RUN (Flyball, 9LD, EV 95.0 MPH), Distance : 338 ft
|
Pitching: RHP Lorenzo Gutierrez
|
|
Batting: RHB Steve Raine
|
0-0: Called Strike 0-1: Foul Ball, location: 2F 0-2: Ball 1-2: DOUBLE (Line Drive, 78D, EV 104.4 MPH)
|
Batting: RHB Kevin Harris
|
0-0: Ball 1-0: SINGLE (Groundball, 56D, EV 99.4 MPH) (infield hit) Steve Raine to third
|
Batting: LHB Shaun Price
|
0-0: Hit by Pitch Kevin Harris to second
|
Batting: RHB Nate Matson
|
0-0: Ball 1-0: Called Strike 1-1: Ball 2-1: Ball 3-1: Foul Ball, location: 2F 3-2: Strikes out swinging
|
Top of the 8th over - 3 runs, 5 hits, 0 errors, 3 left on base; Cedar Rapids 8 - Clinton 1 |
BOTTOM OF THE 8TH |
Clinton LumberKings batting - Pitching for Cedar Rapids Kernels : RHP Andrew Rich
|
Batting: RHB Jung-wan Aan
|
0-0: Called Strike 0-1: SINGLE (Line Drive, 8RS, EV 94.4 MPH)
|
Batting: RHB Bryan Shuller
|
0-0: Called Strike 0-1: Ball 1-1: Ball Passed Ball! Jung-wan Aan to second 2-1: Foul Ball, location: 2F 2-2: Strikes out swinging
|
Batting: SHB Raghnall Ahearne
|
0-0: Foul Ball, location: 2F 0-1: Foul Ball, location: 2F 0-2: Foul Ball, location: 2F 0-2: Strikes out looking
|
Batting: RHB Antonio Oyola
|
0-0: Called Strike 0-1: Ball 1-1: Swinging Strike 1-2: Ball 2-2: Ball 3-2: Strikes out swinging, 2-3 out at first.
|
Bottom of the 8th over - 0 runs, 1 hit, 0 errors, 1 left on base; Cedar Rapids 8 - Clinton 1 |
TOP OF THE 9TH |
Cedar Rapids Kernels batting - Pitching for Clinton LumberKings : RHP Lorenzo Gutierrez
|
Batting: LHB Marvin Shepherd
|
0-0: Foul Ball, location: 2F 0-1: Foul Ball, location: 2F 0-2: Ball 1-2: Reached on error, E5 (Groundball, 56S, EV 82.5 MPH)
|
Batting: RHB Dave Berry
|
0-0: Ball 1-0: Swinging Strike 1-1: Swinging Strike 1-2: Ball 2-2: Foul Ball, location: 2F 2-2: Strikes out looking
|
Pitching: RHP Luis Pantoja
|
|
Batting: LHB Hector Olvera
|
0-0: Ball Marvin Shepherd steals 2nd base 1-0: Ground out 6-3 (Groundball, 6, EV 85.6 MPH) Marvin Shepherd to third
|
Batting: RHB Antonio Santos
|
0-0: Called Strike 0-1: Swinging Strike 0-2: Ball 1-2: Ball 2-2: SINGLE (Flyball, 6D, EV 91.9 MPH) Marvin Shepherd scores
|
Batting: LHB Brian Wagner
|
0-0: Called Strike 0-1: Foul Ball, location: 2F 0-2: 2-RUN HOME RUN (Line Drive, 89XD, EV 110.6 MPH), Distance : 444 ft
|
Batting: RHB Steve Raine
|
0-0: Ball 1-0: Called Strike 1-1: Called Strike 1-2: Foul Ball, location: 2F 1-2: Ball 2-2: Ball 3-2: Base on Balls
|
Batting: RHB Kevin Harris
|
0-0: Called Strike 0-1: Ball Passed Ball! Steve Raine to second 1-1: Swinging Strike 1-2: Ball 2-2: Ball 3-2: Fly out, F8 (Flyball, 8LD, EV 86.2 MPH)
|
Top of the 9th over - 3 runs, 2 hits, 1 error, 1 left on base; Cedar Rapids 11 - Clinton 1 |
BOTTOM OF THE 9TH |
Clinton LumberKings batting - Pitching for Cedar Rapids Kernels : RHP Andrew Rich
|
Batting: RHB Ivan Davila
|
0-0: Fly out, F4 (Popup, 4S, EV 80.6 MPH)
|
Batting: LHB Jason Kinney
|
0-0: Called Strike 0-1: Ball 1-1: Ball 2-1: Foul Ball, location: 2F 2-2: Ball 3-2: SOLO HOME RUN (Flyball, 89XD, EV 109.4 MPH), Distance : 437 ft
|
Pinch Hitting: RHB Rich Justice
|
0-0: Called Strike 0-1: Ball 1-1: Ball 2-1: Ground out 3-1 (Groundball, 34S, EV 62.5 MPH)
|
Batting: SHB Frank Amato
|
0-0: Ball 1-0: Called Strike 1-1: Ball 2-1: Foul Ball, location: 2F 2-2: Ball 3-2: Strikes out swinging
|
Bottom of the 9th over - 1 run, 1 hit, 0 errors, 0 left on base; Cedar Rapids 11 - Clinton 2 |
|